 Dungeon Crawl Stone Soup version 0.30-a0-219-gf2db51d15e (webtiles) character file.

Game seed: 3346685322079737032

1140 Zonian the Covert (level 8, -2/38 HPs)
             Began as a Vine Stalker Reaver on Oct 7, 2022.
             Slain by Edmund
             ... wielding a +2 vorpal flail
              (3 damage)
             ... on level 6 of the Dungeon.
             The game lasted 00:16:07 (6177 turns).

Zonian the Covert (Vine Stalker Reaver)             Turns: 6177, Time: 00:16:08

Health: -2/38      AC:  5    Str: 16    XL:     8   Next: 37%
Magic:  0/12       EV: 11    Int: 13    God:
Gold:   328        SH:  0    Dex: 14    Spells: 11/12 levels left

rFire   x . .      SeeInvis .    a - +2 short sword
rCold   + . .      Faith    .    (no shield)
rNeg    . . .      Spirit   +    b - +0 leather armour
rPois   +          Reflect  .    (no helmet)
rElec   .          Harm     .    (no cloak)
rCorr   .          Rampage  .    r - +1 pair of gloves
Will    +....                    (no boots)
Stlth   ++++......               (no amulet)
HPRegen 1.06/turn                v - ring of ice
MPRegen 0.13/turn                i - ring of poison resistance

@: no status effects
A: fangs 3, regeneration 1, magic shield, antimagic bite, no potion heal 2
a: no special abilities


You were on level 6 of the Dungeon.
You visited 2 branches of the dungeon, and saw 7 of its levels.

You collected 328 gold pieces.

Inventory:

Hand Weapons
 a - a +2 short sword (weapon)
 k - a +1 vorpal hand axe
 p - the +9 sling "Hydraslayer" {vorpal, rCorr}
   (You took it off an orc on level 5 of the Dungeon)

   Any ammunition fired from it inflicts extra damage upon your enemies.
   rCorr:     It protects you from acid and corrosion.
Missiles
 f - 4 silver javelins
 h - 2 poisoned darts
 q - 2 boomerangs
Armour
 b - a +0 leather armour (worn)
 r - a +1 pair of gloves (worn)
Jewellery
 i - a ring of poison resistance (right hand)
 j - a ring of protection from fire
 v - a ring of ice (left hand)
Wands
 m - a wand of roots (3)
Scrolls
 d - 2 scrolls of fog
 g - a scroll of identify
Potions
 c - a potion of mutation
 e - a potion of degeneration
 l - 2 potions of resistance
 n - 3 potions of attraction
 o - a potion of heal wounds
 s - 2 potions of curing
 u - 2 potions of brilliance


   Skills:
 - Level 1.7 Fighting
 - Level 6.4 Short Blades
 + Level 1.4 Ranged Weapons
 - Level 1.5 Dodging
 + Level 8.6 Stealth
 - Level 2.6 Spellcasting
 - Level 3.2 Conjurations


You had 11 spell levels left.
You knew the following spells:

 Your Spells              Type           Power      Damage    Failure   Level
a - Kiss of Death         Conj/Necr      20%        2d7       16%         1

Your spell library contained the following spells:

 Spells                   Type           Power      Damage    Failure   Level
 Momentum Strike          Conj/Tloc      10%        3d8       22%         2
 Static Discharge         Conj/Air       10%        2-3/arc   22%         2
 Hailstorm                Conj/Ice       8%         3d4       41%         3
 Ignite Poison            Fire/Tmut/Pois 1%         N/A       65%         3
 Kindle Blastsparks       Fire/Tloc/Air  2%         2d10      65%         3
 Portal Projectile        Hex/Tloc       2%         N/A       65%         3
 Tukima's Dance           Hex            1%         N/A       65%         3
 Vhi's Electric Charge    Tloc/Air       2%         N/A       65%         3
 Cause Fear               Hex            0%         N/A       96%         4
 Arcjolt                  Conj/Air       2%         1d12      99%         5
 Freezing Cloud           Conj/Ice/Air   3%         6-21      99%         5
 Lightning Bolt           Conj/Air       2%         1d14      99%         5
 Blade Hands              Tmut           0%         N/A       100%        5
 Dragon Form              Tmut           0%         N/A       100%        7
 Dragon's Call            Summ           0%         N/A       100%        9


Dungeon Overview and Level Annotations

Branches:
Dungeon (6/15)             Temple (1/1) D:4

Altars:
Cheibriados
Dithmenos
Fedhas
Gozag
Hepliaklqana
Kikubaaqudgha
Makhleb
Nemelex Xobeh
Okawaru
Qazlal
Ru
Sif Muna
Trog
Vehumet
Wu Jian
Xom
Yredelemnul
Zin
The Shining One

Annotations:
D:3 Grinder
D:5 1 runed translucent door, Crazy Yiuf, Sigmund
D:6 Edmund


Innate Abilities, Weirdness & Mutations

You have razor-sharp teeth.
Your natural rate of healing is unusually fast.
When hurt, damage is shared between your health and your magic reserves.
Your bite disrupts and absorbs the magic of your enemies.
Potions cannot restore your health.


Message History

Unknown command.
Aiming: Fastroot
Press: ? - help, Shift-Dir - straight line, f/p - Edmund
Aim: Edmund, wielding a +2 vorpal flail, wearing a +0 ring mail and carrying a wand of roots (8) (moderately wounded)
The roots erupt in riotous growth!
Roots grab Edmund.
The grasping roots constrict Edmund.
Edmund hits you with a +2 vorpal flail.
Unknown command.
You hit Edmund but do no damage. You bite Edmund, but do no damage.
Edmund is moderately wounded.
The grasping roots constrict Edmund.
You hit Edmund.
Edmund is heavily wounded.
The grasping roots constrict Edmund.
The roots release their grip on Edmund.
Edmund zaps a wand.
The roots erupt in riotous growth!
The grasping roots grab you!
Edmund is unaffected.
The grasping roots constrict you.
Unknown command.
You barely miss Edmund. You bite Edmund! You drain his power.
You feel invigorated.
Edmund is severely wounded.
Edmund hits you but does no damage. The grasping roots constrict you.
You hit Edmund.
Edmund is severely wounded.
Unknown command.
You hit Edmund. You bite Edmund, but do no damage.
Edmund is almost dead.
Edmund hits you with a +2 vorpal flail. The grasping roots constrict you.
Unknown command.
You hit Edmund.
Edmund is almost dead.
Edmund hits you with a +2 vorpal flail!
* * * LOW HITPOINT WARNING * * *
The grasping roots constrict you!
* * * LOW HITPOINT WARNING * * *
Unknown command.
You escape the roots grasp.
Edmund attacks as you move away! Edmund hits you with a +2 vorpal flail!
* * * LOW HITPOINT WARNING * * *
You die...

######.Y#######
.......@.......
####.##o####### .. #.# ##
.## #.# #.# #.. .. #.#
#.###.###.#
#.#########.#.......##
#...o{@...#.#.#......
#.#####@###.#.#....#####
#.# #.# #.#.#.........
#.# #.###.#.#..#.#####
### #.#...#.#..#.#
#..........#.#####
##########.##.##.##.#<...
.........(.##.......#####
################.#### ..#


You could see Edmund and an orc.

Vanquished Creatures
  Menkaure (D:5)
  An ice beast (D:5)
  A black bear (D:5)
  A sky beast (D:6)
  Blork the orc (D:5)
  A necrophage (D:4)
  A scorpion (D:4)
  2 jellies
  2 hounds (D:5)
  An orc priest (D:6)
  Jessica (D:3)
  Ijyb (D:3)
  6 orc wizards (D:5)
  9 adders
  A white imp (D:5)
  A worm (D:2)
  7 dart slugs
  22 orcs
  9 ball pythons
  6 bats
  7 endoplasms
  9 goblins
  10 hobgoblins
  2 quokkas
  3 frilled lizards
  4 kobolds
  3 rats
113 creatures vanquished.

Vanquished Creatures (others)
  A fungus (D:5)
  4 toadstools (D:1)
5 creatures vanquished.

Grand Total: 118 creatures vanquished

Notes
Turn   | Place    | Note
-------+----------+-------------------------------------------
     0 | D:1      | Zonian the Vine Stalker Reaver began the quest for the Orb.
     0 | D:1      | Reached XP level 1. HP: 11/11 MP: 4/4
   202 | D:1      | Reached XP level 2. HP: 15/15 MP: 6/6
   240 | D:1      | Reached skill level 1 in Stealth
   471 | D:1      | Found a faded altar of an unknown god.
   608 | D:1      | Reached XP level 3. HP: 14/18 MP: 5/7
   813 | D:2      | Reached skill level 2 in Stealth
   948 | D:2      | Gained mutation: Your natural rate of healing is unusually
                  | fast. [Vine Stalker growth]
   948 | D:2      | Reached XP level 4. HP: 14/23 MP: 8/8
  1375 | D:2      | Reached skill level 3 in Stealth
  1819 | D:3      | Noticed Jessica
  1827 | D:3      | Killed Jessica
  1828 | D:3      | Reached XP level 5. HP: 23/26 MP: 6/9
  1976 | D:3      | Noticed Grinder
  1992 | D:3      | Noticed Ijyb
  1994 | D:3      | Paralysed by Ijyb for 5 turns
  2005 | D:3      | Paralysed by Ijyb for 5 turns
  2014 | D:3      | Paralysed by Ijyb for 4 turns
  2020 | D:3      | Killed Ijyb
  2021 | D:3      | Reached skill level 4 in Stealth
  2188 | D:3      | You fall into a shaft and drop 1 floor!
  2502 | D:4      | Reached skill level 5 in Stealth
  2502 | D:4      | Reached XP level 6. HP: 21/30 MP: 8/10
  3157 | D:4      | Found a staircase to the Ecumenical Temple.
  3172 | Temple   | Entered the Ecumenical Temple
  4167 | D:5      | Entered Level 5 of the Dungeon
  4179 | D:5      | Noticed a black bear
  4435 | D:5      | Reached skill level 5 in Short Blades
  4511 | D:5      | Killed a black bear
  4512 | D:5      | Reached skill level 6 in Stealth
  4512 | D:5      | Reached XP level 7. HP: 28/34 MP: 11/11
  4699 | D:5      | Noticed Menkaure
  4708 | D:5      | Killed Menkaure
  4709 | D:5      | Reached skill level 7 in Stealth
  4738 | D:5      | Noticed Blork the orc
  4760 | D:5      | Killed Blork the orc
  5219 | D:5      | Gained mutation: You have razor-sharp teeth. [Vine Stalker
                  | growth]
  5219 | D:5      | Reached XP level 8. HP: 31/32 MP: 12/12
  5245 | D:5      | Identified the +9 sling "Hydraslayer" {vorpal, rCorr}
  5521 | D:5      | Reached skill level 8 in Stealth
  5789 | D:5      | Found a runed translucent door.
  5790 | D:5      | Noticed Crazy Yiuf
  5838 | D:5      | Noticed Sigmund
  6146 | D:6      | Noticed Edmund
  6167 | D:6      | Reached skill level 1 in Ranged Weapons
  6177 | D:6      | HP: 1/38 [Edmund/+2 vorpal flail (4)]
  6177 | D:6      | Slain by Edmund

Illustrated notes

Levels and vault maps discovered:
D:1:      ldierk_water_garden, layout_rooms, dilly_ecumenical_altar_fadedgnrine,
          chequers_serial_rivers_small_3
D:2:      layout_loops_ring, minmay_circle_x
D:3:      layout_loops_ring, uniq_grinder, uniq_ijyb, uniq_jessica
D:4:      kennysheep_spiral_hall, layout_cave_pods,
          minmay_temple_entry_gardened_gates,
          hangedman_abyss_or_decor_jellyfish_corner
D:5:      layout_gridville, minmay_a_box_with_orc_wizards_in_it, uniq_menkaure,
          uniq_crazy_yiuf_cottage, uniq_blork_the_orc, uniq_sigmund
D:6:      layout_basic, uniq_edmund
Temple:   compressed_dpeg_triangle_lava_temple

Skill      XL: |  1  2  3  4  5  6  7  8 |
---------------+-------------------------+-----
Stealth        | 1 2 3 5 6 7 8 |  8.6
Short Blades   | 3 4 5 6 |  6.4
Ranged Weapons | 1 |  1.4
Fighting       | |  1.7
Dodging        | |  1.5
Spellcasting   | |  2.6
Conjurations   | |  3.2

Action                   |  1- 3 |  4- 6 |  7- 9 || total
-------------------------+-------+-------+-------++-------
Melee: Short sword       |   128 |   154 |   141 ||   423
       Bite              |    36 |    37 |    20 ||    93
       Punch             |     1 |     2 |     1 ||     4
 Fire: Sling             |       |       |    18 ||    18
Throw: Javelin           |       |       |     1 ||     1
Evoke: Wand              |       |     6 |     8 ||    14
  Use: Scroll            |       |    16 |     1 ||    17
       Potion            |       |     1 |     5 ||     6
 Stab: Sleeping          |     1 |    12 |     1 ||    14
Armor: Leather armour    |    37 |    32 |    12 ||    81
       Skin              |       |       |   142 ||   142
Dodge: Dodged            |    68 |    59 |    23 ||   150

Table legend: (Time is in decaauts)
 A = Elapsed time spent in this place.
 B = Non-inter-level travel time spent in this place.
 C = Inter-level travel time spent in this place.
 D = Time resting spent in this place.
 E = Time spent auto-exploring this place.
 F = Levels seen in this place.
 G = Mean time per level.
                   A        B        C        D        E       F      G
               +--------+--------+--------+--------+--------+-----+--------+
         Total |   6104 |   5990 |    114 |   1751 |   3023 |   7 |  872.0 |
       Dungeon |   5836 |   5722 |    114 |   1751 |   2791 |   6 |  972.7 |
        Temple |    267 |    267 |      0 |      0 |    232 |   1 |  267.0 |
               +--------+--------+--------+--------+--------+-----+--------+

Top non-repeatable levels by time:
     D:5: 1654 daAuts
     D:4: 1320 daAuts
     D:3: 1059 daAuts
     D:2: 955 daAuts
     D:1: 748 daAuts
  Temple: 267 daAuts
     D:6: 98 daAuts
